 Dungeon Crawl Stone Soup version bcrawl-1.37.2 (webtiles) character file.

Game seed: 17977441596036763791

152762 Leeroy the Slasher (level 4, -5/33 HPs)
             Began as a Vampire Skald on Feb 1, 2023.
             Killed from afar by an orc wizard (8 damage)
             ... with a magic dart
             ... on level 2 of the Dungeon.
             The game lasted 00:02:33 (1436 turns).

Leeroy the Slasher (Vampire Skald)                  Turns: 1436, Time: 00:02:33

Health: -5/33      AC:  3    Str: 14    XL:     4   Next: 26%
Magic:  7/7        EV: 12    Int: 13    God:
Gold:   152        SH:  1    Dex: 13    Spells: 0/7 levels left

rFire    . . .     GDR:     26% a - +0 long sword
rCold    . . .     SeeInvis +   (no shield)
rNeg     + . .     Gourm    .   b - +0 leather armour
rPois    .         Faith    .   (no helmet)
rElec    .         Spirit   .   (no cloak)
rCorr    .         Reflect  .   (no gloves)
MR       .....                  (no boots)
Stlth    ++++......             d - amulet of magic regeneration
HPRegen  0.15/turn              k - ring of stealth
MPRegen  0.20/turn              (no ring)

@: no status effects
A: claws 1, fangs 3, see invisible, unbreathing
a: no special abilities


You were on level 2 of the Dungeon.
You were not thirsty.

You visited 1 branch of the dungeon, and saw 3 of its levels.

You collected 152 gold pieces.

Inventory:

Hand Weapons
 a - a +0 long sword (weapon)
Armour
 b - a +0 leather armour (worn)
Jewellery
 d - an amulet of magic regeneration (around neck)
 k - a ring of stealth (left claw)
Wands
 l - a wand of random effects (7)
Scrolls
 e - a scroll of fear
 g - 6 scrolls of remove curse
 h - a scroll of teleportation
 j - a scroll of enchant weapon
Potions
 c - a potion of curing {unknown}
 f - a potion of cancellation {unknown}
 m - a potion of magic {unknown}
 n - a potion of invisibility {unknown}
 q - 9 potions of blood


   Skills:
 - Level 1.7 Fighting
 + Level 5.5 Long Blades
 - Level 0.8 Armour
 - Level 2.1 Dodging
 - Level 2.0 Spellcasting
 * Level 0.4 Hexes
 - Level 3.2 Charms


You couldn't memorise any spells.
You knew the following spells:

 Your Spells              Type           Power        Failure   Level  Hunger
a - Infusion              Chrm           #.......     9%          1    None
b - Spectral Weapon       Hex/Chrm       #.......     41%         3    ####...
c - Regeneration          Chrm/Necr      #.........   43%         3    ####...

Your spell library contained the following spells:

 Spells                   Type           Power        Failure   Level  Hunger
 Song of Slaying          Chrm           #.......     12%         2    ##.....
 Swiftness                Chrm/Air       #.......     24%         2    ##.....
 Ozocubu's Armour         Chrm/Ice       #.......     43%         3    ####...


Dungeon Overview and Level Annotations

Branches:
Dungeon (3/12)

Altars:


Innate Abilities, Weirdness & Mutations

You have sharp fingernails.
You have razor-sharp teeth.
You have supernaturally acute eyesight. (SInv)
You can survive without breathing.


Message History

You are electrocuted!
* * * LOW HITPOINT WARNING * * *
The dart slug launches a dart at you. The slug dart misses you.
No path to travel!
The dart slug launches a dart at you. The slug dart hits you.
* * * LOW HITPOINT WARNING * * *
The orc wizard casts a spell at you. You resist with some effort.
A rune on the stairs sparks and fizzles.
You climb upwards.
There is a stone staircase leading down here.
You hit the orc wizard.
The orc wizard is almost dead.
The orc wizard casts a spell.
The orc wizard blinks!
The orc wizard casts a spell at you. The magic dart hits you!
You die...

#.##.# #.# #############.#.#
#.##.# #.# #......## #.#.#
#.##.# #.# #.###...#####.#>#
#.##.# #.# #.#.o.#.......#.#
#.##.# #.# #.#.#...####.##.#
#.##.# #.#####.#.##.## #.##..
#.##.# ##............# #.#...
#.##.# #.......>#.##.## #.#...
#.##.###.#....@.......####.....
#........).######..............
############ ##########.....
###... #... ####


You could see an orc wizard.

Vanquished Creatures
  An adder (D:2)
  An ooze (D:1)
  4 worms
  3 leopard geckos
  An orc (D:2)
  2 giant cockroaches (D:1)
  7 goblins
  8 hobgoblins
  6 jackals (D:1)
  5 kobolds
  A quokka (D:2)
  2 ball pythons (D:2)
  3 bats
  5 frilled lizards
  3 rats (D:1)
52 creatures vanquished.

Notes
Turn   | Place    | Note
-------+----------+-------------------------------------------
     0 | D:1      | Leeroy the Vampire Skald began the quest for the Orb.
     0 | D:1      | Reached XP level 1. HP: 16/16 MP: 3/3
   102 | D:1      | Reached skill level 3 in Long Blades
   128 | D:1      | Reached XP level 2. HP: 22/22 MP: 5/5
   227 | D:1      | Reached skill level 4 in Long Blades
   450 | D:1      | Reached XP level 3. HP: 24/27 MP: 6/6
   757 | D:2      | Reached skill level 5 in Long Blades
   776 | D:2      | Reached XP level 4. HP: 20/33 MP: 4/7
   781 | D:2      | Learned a level 3 spell: Spectral Weapon
   785 | D:2      | Learned a level 3 spell: Regeneration
  1092 | D:2      | Found a glowing golden altar of the Shining One.
  1436 | D:2      | Killed from afar by an orc wizard

Skill      XL: |  1  2  3 |
---------------+----------+-----
Long Blades    | 3 4 5 |  5.5
Fighting       | |  1.7
Armour         | |  0.8
Dodging        | |  2.1
Spellcasting   | |  2.0
Hexes          | |  0.4
Charms         | |  3.2

Action                   |  1- 3 |  4- 6 || total
-------------------------+-------+-------++-------
Melee: Long sword        |   102 |    35 ||   137
       Bite              |     7 |     1 ||     8
 Cast: Infusion          |     2 |       ||     2
  Use: Scroll            |       |     3 ||     3
 Stab: Sleeping          |     1 |     6 ||     7
  Eat: Corpse            |     8 |     2 ||    10
Armor: Leather armour    |    23 |     9 ||    32
Dodge: Dodged            |    58 |    12 ||    70
Block: Other             |     2 |     1 ||     3
